TOP OF THE 1ST |
---|
Stanford Cardinal batting - Pitching for Oregon Ducks : LHP Chad Waterman | Pitching: LHP Chad Waterman | | Batting: RHB Dave Bennett | 0-0: Ball 1-0: Foul Ball, location: 2F 1-1: Ball 2-1: Called Strike 2-2: Foul Ball, location: 2F 2-2: Foul Ball, location: 2F 2-2: Foul Ball, location: 2F 2-2: Ball 3-2: Strikes out swinging | Batting: SHB Jimmy Wilson | 0-0: Called Strike 0-1: Foul Ball, location: 2F 0-2: Fly out, F8 (Flyball, 78M) | Batting: RHB Greg Nichols | 0-0: Ball 1-0: Foul Ball, location: 2F 1-1: Ball 2-1: Swinging Strike 2-2: Ball 3-2: Foul Ball, location: 2F 3-2: Base on Balls | Batting: LHB Terry Barton | 0-0: Called Strike 0-1: Foul Ball, location: 2F 0-2: DOUBLE (Line Drive, 7LD) Greg Nichols to third Runner from 3rd tries for Home, SAFE, no throw | Batting: RHB Rick McDonald | 0-0: Fly out, F7 (Flyball, 7D) | Top of the 1st over - 1 run, 1 hit, 0 errors, 1 left on base; Stanford 1 - Oregon 0 | BOTTOM OF THE 1ST |
---|
Oregon Ducks batting - Pitching for Stanford Cardinal : RHP Wilson Villa | Pitching: RHP Wilson Villa | | Batting: RHB Robin Mitchell | 0-0: Ball 1-0: Ball 2-0: Ground out 5-3 (Groundball, 56S) | Batting: RHB Greg Huggins | 0-0: Ball 1-0: Ground out 6-3 (Groundball, 6) | Batting: SHB Martin Goodwin | 0-0: Ball 1-0: Ball 2-0: Called Strike 2-1: Foul Ball, location: 2F 2-2: Ball 3-2: Ground out 4-3 (Groundball, 4S) | Bottom of the 1st over - 0 runs, 0 hits, 0 errors, 0 left on base; Stanford 1 - Oregon 0 | TOP OF THE 2ND |
---|
Stanford Cardinal batting - Pitching for Oregon Ducks : LHP Chad Waterman | Batting: RHB Bill Reed | 0-0: Ball 1-0: Fly out, F8 (Flyball, 8RM) | Batting: RHB Dave Rogers | 0-0: Ball 1-0: Fly out, F8 (Flyball, 8LM) | Batting: RHB Flint Ballard | 0-0: Called Strike 0-1: Foul Ball, location: 2F 0-2: Foul Ball, location: 2F 0-2: Strikes out looking | Top of the 2nd over - 0 runs, 0 hits, 0 errors, 0 left on base; Stanford 1 - Oregon 0 | BOTTOM OF THE 2ND |
---|
Oregon Ducks batting - Pitching for Stanford Cardinal : RHP Wilson Villa | Batting: RHB Diego Molina | 0-0: Called Strike 0-1: Fly out, F9 (Flyball, 9D) | Batting: LHB Kay Hennessey | 0-0: Ball 1-0: Ground out 1-3 (Groundball, 15S) | Batting: RHB Scott Elliott | 0-0: Ball 1-0: Called Strike 1-1: Ball 2-1: Fly out, F9 (Line Drive, 9) | Bottom of the 2nd over - 0 runs, 0 hits, 0 errors, 0 left on base; Stanford 1 - Oregon 0 | TOP OF THE 3RD |
---|
Stanford Cardinal batting - Pitching for Oregon Ducks : LHP Chad Waterman | Batting: LHB José Soto | 0-0: Ball 1-0: Fly out, F7 (Flyball, 78S) | Batting: RHB Dave Bennett | 0-0: SOLO HOME RUN (Flyball, 7LD), Distance : 313 ft | Batting: SHB Jimmy Wilson | 0-0: Ball 1-0: Ball 2-0: Ball 3-0: Called Strike 3-1: Ground out 5-3 (Groundball, 56) | Batting: RHB Greg Nichols | 0-0: Ball 1-0: Called Strike 1-1: Ball 2-1: Ball 3-1: Called Strike 3-2: Fly out, F8 (Line Drive, 8LM) | Top of the 3rd over - 1 run, 1 hit, 0 errors, 0 left on base; Stanford 2 - Oregon 0 | BOTTOM OF THE 3RD |
---|
Oregon Ducks batting - Pitching for Stanford Cardinal : RHP Wilson Villa | Batting: RHB Ed Hines | 0-0: Called Strike 0-1: Swinging Strike 0-2: Foul Ball, location: 2F 0-2: Strikes out swinging | Batting: RHB Tim Smith | 0-0: Ball 1-0: SOLO HOME RUN (Flyball, 7LD), Distance : 341 ft | Batting: LHB Jerry López | 0-0: Called Strike 0-1: Swinging Strike 0-2: Strikes out swinging | Batting: RHB Robin Mitchell | 0-0: Ball 1-0: Ground out 5-3 (Groundball, 56) | Bottom of the 3rd over - 1 run, 1 hit, 0 errors, 0 left on base; Stanford 2 - Oregon 1 | TOP OF THE 4TH |
---|
Stanford Cardinal batting - Pitching for Oregon Ducks : LHP Chad Waterman | Batting: LHB Terry Barton | 0-0: Ball 1-0: Called Strike 1-1: Ball 2-1: Ball 3-1: Base on Balls | Batting: RHB Rick McDonald | 0-0: Called Strike 0-1: Ball 1-1: Foul Ball, location: 2F 1-2: Ball 2-2: Ball 3-2: Fly out, F8 (Flyball, 89S) | Batting: RHB Bill Reed | 0-0: Fly out, F7 (Flyball, 78M) | Batting: RHB Dave Rogers | 0-0: Ball 1-0: Called Strike 1-1: Called Strike 1-2: Strikes out swinging | Top of the 4th over - 0 runs, 0 hits, 0 errors, 1 left on base; Stanford 2 - Oregon 1 | BOTTOM OF THE 4TH |
---|
Oregon Ducks batting - Pitching for Stanford Cardinal : RHP Wilson Villa | Batting: RHB Greg Huggins | 0-0: Ball 1-0: Foul Ball, location: 2F 1-1: Ground out 5-3 (Groundball, 5) | Batting: SHB Martin Goodwin | 0-0: Ball 1-0: Called Strike 1-1: Ball 2-1: Ball 3-1: Called Strike 3-2: Fly out, F8 (Flyball, 8RM) | Batting: RHB Diego Molina | 0-0: Ball 1-0: Foul Ball, location: 2F 1-1: Ball 2-1: Ball 3-1: Base on Balls | Batting: LHB Kay Hennessey | 0-0: Ball 1-0: DOUBLE (Groundball, 3L) Diego Molina to third | Batting: RHB Scott Elliott | 0-0: Swinging Strike 0-1: Ball 1-1: Swinging Strike 1-2: Ball 2-2: Strikes out swinging | Bottom of the 4th over - 0 runs, 1 hit, 0 errors, 2 left on base; Stanford 2 - Oregon 1 | TOP OF THE 5TH |
---|
Stanford Cardinal batting - Pitching for Oregon Ducks : LHP Chad Waterman | Batting: RHB Flint Ballard | 0-0: Ball 1-0: Called Strike 1-1: Called Strike 1-2: Ball 2-2: SINGLE (Flyball, 9LM) | Batting: LHB José Soto | 0-0: Ground out U3 (Groundball, 3) Flint Ballard to second | Batting: RHB Dave Bennett | 0-0: Ball 1-0: Ball 2-0: Ground out 5-3 (Groundball, 56) | Batting: SHB Jimmy Wilson | 0-0: Swinging Strike 0-1: Called Strike 0-2: Strikes out looking | Top of the 5th over - 0 runs, 1 hit, 0 errors, 1 left on base; Stanford 2 - Oregon 1 | BOTTOM OF THE 5TH |
---|
Oregon Ducks batting - Pitching for Stanford Cardinal : RHP Wilson Villa | Batting: RHB Ed Hines | 0-0: Ball 1-0: Foul Ball, location: 2F 1-1: Ball 2-1: Ground out U3 (Groundball, 34S) | Batting: RHB Tim Smith | 0-0: Ball 1-0: Fly out, F7 (Flyball, 7LMF) | Batting: LHB Jerry López | 0-0: Ball 1-0: Ball 2-0: Fly out, F7 (Flyball, 7) | Bottom of the 5th over - 0 runs, 0 hits, 0 errors, 0 left on base; Stanford 2 - Oregon 1 | TOP OF THE 6TH |
---|
Stanford Cardinal batting - Pitching for Oregon Ducks : LHP Chad Waterman | Batting: RHB Greg Nichols | 0-0: Ball 1-0: Foul Ball, location: 2F 1-1: SINGLE (Line Drive, 78M) | Batting: LHB Terry Barton | 0-0: Foul Ball, location: 2F 0-1: Hit by Pitch Greg Nichols to second | Batting: RHB Rick McDonald | 0-0: Called Strike 0-1: Ball 1-1: Swinging Strike 1-2: Foul Ball, location: 2F 1-2: Fly out, F8 (Flyball, 89D) | Pitching: RHP Roy Wellon | | Batting: RHB Bill Reed | 0-0: Called Strike 0-1: Ball 1-1: Swinging Strike 1-2: Strikes out swinging | Batting: RHB Dave Rogers | 0-0: Called Strike 0-1: Called Strike 0-2: SINGLE (Groundball, 6MD) Greg Nichols to third Terry Barton to second Runner from 3rd tries for Home, SAFE, throw made home | Batting: RHB Flint Ballard | 0-0: Called Strike 0-1: Swinging Strike 0-2: Ball 1-2: Ball 2-2: Fly out, F9 (Flyball, 9LD) | Top of the 6th over - 1 run, 2 hits, 0 errors, 2 left on base; Stanford 3 - Oregon 1 | BOTTOM OF THE 6TH |
---|
Oregon Ducks batting - Pitching for Stanford Cardinal : RHP Wilson Villa | Batting: RHB Robin Mitchell | 0-0: Swinging Strike 0-1: Ball 1-1: SINGLE (Line Drive, 56D) | Batting: RHB Greg Huggins | 0-0: Called Strike 0-1: Ball 1-1: Ball 2-1: Ball 3-1: Base on Balls Robin Mitchell to second | Batting: SHB Martin Goodwin | 0-0: Foul Ball, location: 2F 0-1: Called Strike 0-2: Ball 1-2: SINGLE (Groundball, 6) (infield hit) Robin Mitchell to third Greg Huggins to second | Batting: RHB Diego Molina | 0-0: Called Strike 0-1: Ball 1-1: GRAND SLAM HOME RUN (Flyball, 9D), Distance : 355 ft | Pitching: RHP Ramón Rivera | | Batting: LHB Kay Hennessey | 0-0: Ball 1-0: Ball 2-0: Ball 3-0: Base on Balls | Batting: RHB Scott Elliott | 0-0: Called Strike 0-1: Ball 1-1: Foul Ball, location: 2F 1-2: Strikes out swinging | Batting: RHB Ed Hines | 0-0: Called Strike 0-1: Grounds into double play, 6-4-3 (Groundball, 6) | Bottom of the 6th over - 4 runs, 3 hits, 0 errors, 0 left on base; Stanford 3 - Oregon 5 | TOP OF THE 7TH |
---|
Stanford Cardinal batting - Pitching for Oregon Ducks : RHP Roy Wellon | Batting: LHB José Soto | 0-0: Foul Ball, location: 2F 0-1: Swinging Strike 0-2: Ball 1-2: Strikes out swinging | Batting: RHB Dave Bennett | 0-0: Ball 1-0: Foul Ball, location: 2F 1-1: Swinging Strike 1-2: Ball 2-2: Strikes out looking | Batting: SHB Jimmy Wilson | 0-0: Ball 1-0: Foul Ball, location: 2F 1-1: Ball 2-1: Foul Ball, location: 2F 2-2: Strikes out swinging | Top of the 7th over - 0 runs, 0 hits, 0 errors, 0 left on base; Stanford 3 - Oregon 5 | BOTTOM OF THE 7TH |
---|
Oregon Ducks batting - Pitching for Stanford Cardinal : RHP Ramón Rivera | Batting: RHB Tim Smith | 0-0: Ball 1-0: Foul Ball, location: 2F 1-1: Ball 2-1: Ball 3-1: Base on Balls | Pitching: LHP David Walker | | Batting: LHB Jerry López | 0-0: Ball 1-0: Foul Ball, location: 2F 1-1: Swinging Strike 1-2: Ball 2-2: Strikes out swinging | Pitching: RHP Stan Franco | | Batting: RHB Robin Mitchell | 0-0: Called Strike 0-1: Fly out, F9 (Flyball, 89S) | Batting: RHB Greg Huggins | 0-0: Called Strike 0-1: Ball 1-1: Ball 2-1: Fly out, F8 (Flyball, 8LS) | Bottom of the 7th over - 0 runs, 0 hits, 0 errors, 1 left on base; Stanford 3 - Oregon 5 | TOP OF THE 8TH |
---|
Stanford Cardinal batting - Pitching for Oregon Ducks : RHP Roy Wellon | Batting: RHB Greg Nichols | 0-0: Ball 1-0: SINGLE (Line Drive, 4M) | Batting: LHB Terry Barton | 0-0: Ball 1-0: Called Strike 1-1: Ball 2-1: Foul Ball, location: 2F 2-2: Ball 3-2: Foul Ball, location: 2F 3-2: Foul Ball, location: 2F 3-2: Base on Balls Greg Nichols to second | Pitching: RHP Jason McBride | | Batting: RHB Rick McDonald | 0-0: Called Strike 0-1: Swinging Strike 0-2: Ground out 3-1 (Groundball, 34S) Greg Nichols to third Terry Barton to second | Batting: RHB Bill Reed | 0-0: Foul Ball, location: 2F 0-1: Foul Ball, location: 2F 0-2: Ball 1-2: Foul Ball, location: 2F 1-2: Foul Ball, location: 2F 1-2: Ball 2-2: Ball 3-2: Base on Balls | Batting: RHB Dave Rogers | 0-0: Ball 1-0: Grounds into fielders choice 6-2 (Groundball, 56) Terry Barton to third Bill Reed to second | Batting: RHB Flint Ballard | 0-0: Foul Ball, location: 2F 0-1: Fly out, F8 (Flyball, 8LM) | Top of the 8th over - 0 runs, 1 hit, 0 errors, 3 left on base; Stanford 3 - Oregon 5 | BOTTOM OF THE 8TH |
---|
Oregon Ducks batting - Pitching for Stanford Cardinal : RHP Stan Franco | Batting: SHB Martin Goodwin | 0-0: Ball 1-0: Ball 2-0: Foul Ball, location: 2F 2-1: Ball 3-1: Foul Ball, location: 2F 3-2: Fly out, F4 (Popup, 4S) | Batting: RHB Diego Molina | 0-0: Called Strike 0-1: Ball 1-1: Foul Ball, location: 2F 1-2: Ball 2-2: Ball 3-2: Fly out, F6 (Popup, 6D) | Batting: LHB Kay Hennessey | 0-0: Ball 1-0: Ball 2-0: SINGLE (Groundball, 6MD) | Batting: RHB Scott Elliott | 0-0: Fielders Choice at 2nd, 6-4 (Groundball, 6) | Bottom of the 8th over - 0 runs, 1 hit, 0 errors, 1 left on base; Stanford 3 - Oregon 5 | TOP OF THE 9TH |
---|
Stanford Cardinal batting - Pitching for Oregon Ducks : RHP Jason McBride | Batting: LHB José Soto | 0-0: Called Strike 0-1: Ball 1-1: Ball 2-1: Foul Ball, location: 2F 2-2: Strikes out swinging | Batting: RHB Dave Bennett | 0-0: Ball 1-0: Ball 2-0: Ball 3-0: Base on Balls | Batting: SHB Jimmy Wilson | 0-0: Ball 1-0: Called Strike 1-1: Ball 2-1: Foul Ball, location: 2F 2-2: Ball 3-2: Foul Ball, location: 2F 3-2: Fielders Choice at 2nd, 6-4 (Groundball, 6) | Batting: RHB Greg Nichols | 0-0: Ground out 6-3 (Groundball, 6S) | Top of the 9th over - 0 runs, 0 hits, 0 errors, 1 left on base; Stanford 3 - Oregon 5 | |